RedWings vs Avalanche

Created - December 15 2010 at 17:59

Goals
1 2 3 T
RedWings 2 3 1 6
Avalanche 0 1 0 1
Shots
1 2 3 T
RedWings 10 8 9 27
Avalanche 14 11 5 30

Period #1

1. RedWings , Brian Campbell 5 (Keith Yandle, Ryan Getzlaf) at 9:19 (PP)
2. RedWings , Travis Zajac 17 (Ray Whitney, Colin White) at 14:02

Penalties :
Daniel Briere (COL) for Fighting (Major) at 1:30, Brendan Witt (DET) for Fighting (Major) at 1:30, Joe Corvo (COL) for Hooking (Minor) at 9:01, Brian Campbell (DET) for Hooking (Minor) at 11:11, Colin White (DET) for Hooking (Minor) at 18:21

Period #2

3. RedWings , Mike Cammalleri 9 (Zach Parise, Brian Campbell) at 8:59 (PP)
4. Avalanche , Brian Gionta 18 (Tyler Bozak, Mike Knuble) at 12:56
5. RedWings , Colin White 2 (Jean-Pierre Dumont, Travis Zajac) at 16:26
6. RedWings , Marty Reasoner 4 (Niclas Bergfors, Brendan Witt) at 18:02

Penalties :
Daniel Briere (COL) for Hooking (Minor) at 0:39, Niclas Wallin (COL) for High sticking (Minor) at 1:17, Carl Gunnarsson (COL) for Holding (Minor) at 7:41

Period #3

7. RedWings , Mike Cammalleri 10 (Zach Parise, Ryan Getzlaf) at 10:24 (PP)

Penalties :
Kyle Quincey (COL) for Roughing (Minor) at 8:43, T.J. Oshie (COL) for Tripping (Minor) at 12:33, Ryan Getzlaf (DET) for Holding (Minor) at 12:33, Ryan Getzlaf (DET) for Interference (Minor) at 18:13

Goalie Stats

Craig Anderson (DET), 29 saves from 30 shots - (0.967), W, 23-9-3, 60:00 minutes
Antti Niemi (COL), 10 saves from 15 shots - (0.667), L, 8-6-1, 38:02 minutes
Semyon Varlamov (COL), 11 saves from 12 shots - (0.917), 21:58 minutes

Players Stats

RedWings
Player Name              G  A  P  +/- PIM S  H  SB FO    MP 
------------------------------------------------------------
Brendan Witt             0  1  1   1  5   0  5  0  0/0   15 
Brett Clark              0  0  0   1  0   3  0  2  0/0   21 
Brian Campbell           1  1  2   0  2   2  0  1  0/0   21 
Colin White              1  1  2   1  2   2  2  1  0/0   19 
Jean-Pierre Dumont       0  1  1   1  0   0  2  0  0/0   16 
Keith Yandle             0  1  1   0  0   1  5  1  0/0   23 
Kris Draper              0  0  0   0  0   0  1  0  0/0   9  
Marty Reasoner           1  0  1   1  0   2  1  0  9/21  15 
Matt Moulson             0  0  0   1  0   1  0  0  1/1   12 
Mike Cammalleri          2  0  2   0  0   3  0  0  0/2   20 
Nate Thompson            0  0  0   0  0   1  0  0  7/19  9  
Niclas Bergfors          0  1  1   1  0   2  0  1  0/0   12 
Paul Martin              0  0  0   1  0   0  0  1  0/0   20 
Pavol Demitra            0  0  0   0  0   0  0  0  0/0   6  
Ray Whitney              0  1  1   1  0   3  0  0  0/0   16 
Ryan Getzlaf             0  2  2   0  4   2  3  0  13/20 19 
Travis Zajac             1  1  2   1  0   4  0  0  11/23 16 
Zach Parise              0  2  2   0  0   1  1  0  0/1   23 
Avalanche
Player Name              G  A  P  +/- PIM S  H  SB FO    MP 
------------------------------------------------------------
Brian Gionta             1  0  1   0  0   7  0  0  0/3   16 
Carl Gunnarsson          0  0  0   0  2   1  1  2  0/0   21 
Daniel Briere            0  0  0   0  7   0  1  0  0/1   18 
Joe Corvo                0  0  0   0  2   0  0  0  0/0   20 
Kevin Klein              0  0  0   0  0   0  0  1  0/0   17 
Kris Versteeg            0  0  0  -2  0   3  0  0  0/0   7  
Kyle Quincey             0  0  0  -2  2   0  1  2  0/0   23 
Marcel Goc               0  0  0  -2  0   1  1  0  6/11  10 
Mike Knuble              0  1  1   0  0   1  0  0  0/1   13 
Niclas Wallin            0  0  0   0  2   0  1  0  0/0   17 
T.J. Galiardi            0  0  0   0  0   2  1  1  9/22  15 
T.J. Oshie               0  0  0   0  2   2  1  1  1/1   19 
Todd White               0  0  0  -2  0   0  1  0  2/3   8  
Troy Brouwer             0  0  0   0  0   7  1  0  0/0   17 
Tyler Bozak              0  1  1   0  0   1  4  0  14/22 16 
Vaclav Prospal           0  0  0   0  0   1  0  0  14/21 15 
Wade Redden              0  0  0  -2  0   1  0  2  0/0   21 
Wojtek Wolski            0  0  0   0  0   3  0  1  0/2   18 

3 Stars

1 - Mike Cammalleri (DET)
2 - Craig Anderson (DET)
3 - Travis Zajac (DET)

Power Play

RedWings - 3 on 5 Attempt(s) - 60.00%
Avalanche - 0 on 3 Attempt(s) - 0.00%

Penalty Kill

RedWings - 3 on 3 Attempt(s) - 100.00% - Score 0 goal in Penalty Kill
Avalanche - 2 on 5 Attempt(s) - 40.00% - Score 0 goal in Penalty Kill

Game Notes

Daniel Briere and Brendan Witt fight to a draw at 1:30 of 1st period
Semyon Varlamov enters game at 18:02 of 2nd period

Finance

Level 1 -- Attendance: 6437 (99.03%) -- Ticket Income $579,330.00
Level 2 -- Attendance: 3502 (70.04%) -- Ticket Income $210,120.00
Level 3 -- Attendance: 2704 (77.26%) -- Ticket Income $94,640.00
Level 4 -- Attendance: 1767 (88.04%) -- Ticket Income $44,175.00
Luxury Box -- Attendance: 952 (95.20%) -- Ticket Income $180,880.00
Game was played at the Pepsi Center
Total Attendance: 15362 (85.31%)
Total Ticket Income: $1,161,166.00
Other Income: $190,554.90
Total Income: $1,351,721.00


Play by Play

Period #1

0:01 of 1st period - Travis Zajac wins face-off versus Tyler Bozak in neutral zone.
0:01 of 1st period - Jean-Pierre Dumont is hit by Tyler Bozak and loses puck.
1:19 of 1st period - Icing by Carl Gunnarsson.
1:20 of 1st period - Marty Reasoner wins face-off versus T.J. Galiardi in Avalanche zone.
1:30 of 1st period - Daniel Briere and Brendan Witt fight to a draw.
1:30 of 1st period - Penalty to Daniel Briere for Fighting.
1:30 of 1st period - Penalty to Brendan Witt for Fighting.
1:31 of 1st period - Nate Thompson wins face-off versus Vaclav Prospal in Avalanche zone.
2:01 of 1st period - Shot by Paul Martin.
2:01 of 1st period - Shot Blocked by Kevin Klein.
2:03 of 1st period - Shot by Kris Draper.
2:03 of 1st period - Shot Misses the Net.
2:27 of 1st period - Shot by Zach Parise.
2:27 of 1st period - Shot Misses the Net.
3:09 of 1st period - Shot by Mike Knuble.
3:09 of 1st period - Shot Blocked by Colin White.
3:19 of 1st period - Shot by Brian Gionta.
3:19 of 1st period - Stopped by Craig Anderson without a rebound.
3:20 of 1st period - T.J. Galiardi wins face-off versus Marty Reasoner in RedWings zone.
3:21 of 1st period - Shot by Brian Gionta.
3:21 of 1st period - Stopped by Craig Anderson without a rebound.
3:22 of 1st period - Marty Reasoner wins face-off versus Wojtek Wolski in RedWings zone.
4:11 of 1st period - Paul Martin is hit by Marcel Goc and loses puck.
4:22 of 1st period - Shot by Todd White.
4:22 of 1st period - Shot Blocked by Niclas Bergfors.
4:26 of 1st period - Shot by Marcel Goc.
4:26 of 1st period - Deflect By Kris Versteeg.
4:26 of 1st period - Stopped by Craig Anderson without a rebound.
4:27 of 1st period - Vaclav Prospal wins face-off versus Nate Thompson in RedWings zone.
4:27 of 1st period - Vaclav Prospal is hit by Keith Yandle.
4:36 of 1st period - Off-side.
4:37 of 1st period - Marcel Goc wins face-off versus Ryan Getzlaf in neutral zone.
5:17 of 1st period - Carl Gunnarsson is hit by Ryan Getzlaf.
5:22 of 1st period - Icing by Mike Cammalleri.
5:23 of 1st period - Vaclav Prospal wins face-off versus Ryan Getzlaf in RedWings zone.
5:36 of 1st period - Off-side.
5:37 of 1st period - Travis Zajac wins face-off versus T.J. Galiardi in neutral zone.
6:00 of 1st period - Shot by T.J. Galiardi.
6:00 of 1st period - Shot Misses the Net.
6:02 of 1st period - Shot by T.J. Galiardi.
6:02 of 1st period - Stopped by Craig Anderson with a rebound.
6:04 of 1st period - Shot by Brian Gionta.
6:04 of 1st period - Stopped by Craig Anderson without a rebound.
6:05 of 1st period - Nate Thompson wins face-off versus Vaclav Prospal in RedWings zone.
6:05 of 1st period - Nate Thompson is hit by Troy Brouwer.
6:08 of 1st period - Icing by Paul Martin.
6:09 of 1st period - Vaclav Prospal wins face-off versus Nate Thompson in RedWings zone.
6:16 of 1st period - Shot by Troy Brouwer.
6:16 of 1st period - Stopped by Craig Anderson without a rebound.
6:17 of 1st period - Marcel Goc wins face-off versus Marty Reasoner in RedWings zone.
6:32 of 1st period - Shot by Marcel Goc.
6:32 of 1st period - Shot Misses the Net.
6:38 of 1st period - Shot by Matt Moulson.
6:38 of 1st period - Shot Misses the Net.
6:40 of 1st period - Shot by Matt Moulson.
6:40 of 1st period - Stopped by Antti Niemi without a rebound.
6:41 of 1st period - Vaclav Prospal wins face-off versus Nate Thompson in Avalanche zone.
7:06 of 1st period - Shot by Vaclav Prospal.
7:06 of 1st period - Shot Blocked by Brett Clark.
7:36 of 1st period - Shot by Mike Cammalleri.
7:36 of 1st period - Shot Misses the Net.
7:38 of 1st period - Shot by Keith Yandle.
7:38 of 1st period - Shot Blocked by Carl Gunnarsson.
7:40 of 1st period - Shot by Zach Parise.
7:40 of 1st period - Deflect By Ryan Getzlaf.
7:40 of 1st period - Shot Misses the Net.
7:44 of 1st period - Shot by Mike Cammalleri.
7:44 of 1st period - Stopped by Antti Niemi without a rebound.
7:45 of 1st period - Marty Reasoner wins face-off versus Tyler Bozak in Avalanche zone.
8:02 of 1st period - Shot by Niclas Bergfors.
8:02 of 1st period - Shot Misses the Net.
8:12 of 1st period - Shot by Tyler Bozak.
8:12 of 1st period - Shot Blocked by Paul Martin.
8:38 of 1st period - Shot by Ray Whitney.
8:38 of 1st period - Shot Misses the Net.
8:40 of 1st period - Shot by Travis Zajac.
8:40 of 1st period - Shot Blocked by Wade Redden.
8:42 of 1st period - Shot by Colin White.
8:42 of 1st period - Stopped by Antti Niemi without a rebound.
8:43 of 1st period - Ryan Getzlaf wins face-off versus T.J. Galiardi in Avalanche zone.
9:01 of 1st period - Minor Penalty to Joe Corvo for Hooking.
9:02 of 1st period - Travis Zajac wins face-off versus Marcel Goc in Avalanche zone.
9:05 of 1st period - Shot by Ray Whitney.
9:05 of 1st period - Stopped by Antti Niemi without a rebound.
9:06 of 1st period - Ryan Getzlaf wins face-off versus Marcel Goc in Avalanche zone.
9:09 of 1st period - Shot by Mike Cammalleri.
9:09 of 1st period - Shot Blocked by Kyle Quincey.
9:11 of 1st period - Shot by Keith Yandle.
9:11 of 1st period - Stopped by Antti Niemi with a rebound.
9:15 of 1st period - Shot by Ryan Getzlaf.
9:15 of 1st period - Shot Misses the Net.
9:19 of 1st period - Shot by Brian Campbell.
9:19 of 1st period - Goal by Brian Campbell - RedWings : 1 - Avalanche : 0.
9:20 of 1st period - Travis Zajac wins face-off versus T.J. Galiardi in neutral zone.
9:33 of 1st period - Shot by Ray Whitney.
9:33 of 1st period - Shot Misses the Net.
10:20 of 1st period - Shot by Ryan Getzlaf.
10:20 of 1st period - Stopped by Antti Niemi without a rebound.
10:21 of 1st period - Vaclav Prospal wins face-off versus Marty Reasoner in Avalanche zone.
11:11 of 1st period - Minor Penalty to Brian Campbell for Hooking.
11:12 of 1st period - Tyler Bozak wins face-off versus Nate Thompson in RedWings zone.
12:52 of 1st period - Icing by Kyle Quincey.
12:53 of 1st period - Marty Reasoner wins face-off versus Tyler Bozak in Avalanche zone.
13:37 of 1st period - T.J. Oshie is hit by Keith Yandle and loses puck.
13:42 of 1st period - Shot by Troy Brouwer.
13:42 of 1st period - Stopped by Craig Anderson without a rebound.
13:43 of 1st period - T.J. Galiardi wins face-off versus Travis Zajac in RedWings zone.
13:50 of 1st period - Icing by Travis Zajac.
13:51 of 1st period - Marcel Goc wins face-off versus Travis Zajac in RedWings zone.
14:02 of 1st period - Shot by Travis Zajac.
14:02 of 1st period - Goal by Travis Zajac - RedWings : 2 - Avalanche : 0.
14:03 of 1st period - T.J. Galiardi wins face-off versus Nate Thompson in neutral zone.
14:07 of 1st period - Shot by Carl Gunnarsson.
14:07 of 1st period - Stopped by Craig Anderson without a rebound.
14:08 of 1st period - T.J. Galiardi wins face-off versus Marty Reasoner in RedWings zone.
15:31 of 1st period - Shot by Ray Whitney.
15:31 of 1st period - Stopped by Antti Niemi without a rebound.
15:32 of 1st period - Tyler Bozak wins face-off versus Mike Cammalleri in Avalanche zone.
15:44 of 1st period - Brian Gionta is hit by Keith Yandle and loses puck.
15:49 of 1st period - Shot by Brian Gionta.
15:49 of 1st period - Stopped by Craig Anderson with a rebound.
15:51 of 1st period - Shot by Wade Redden.
15:51 of 1st period - Shot Blocked by Brian Campbell.
15:53 of 1st period - Shot by Wade Redden.
15:53 of 1st period - Stopped by Craig Anderson without a rebound.
15:54 of 1st period - Marcel Goc wins face-off versus Nate Thompson in RedWings zone.
16:14 of 1st period - Icing by Brendan Witt.
16:15 of 1st period - T.J. Galiardi wins face-off versus Nate Thompson in RedWings zone.
16:21 of 1st period - Off-side.
16:22 of 1st period - Ryan Getzlaf wins face-off versus Wojtek Wolski in neutral zone.
16:45 of 1st period - Shot by Zach Parise.
16:45 of 1st period - Stopped by Antti Niemi with a rebound.
17:29 of 1st period - Shot by Troy Brouwer.
17:29 of 1st period - Stopped by Craig Anderson without a rebound.
17:30 of 1st period - Tyler Bozak wins face-off versus Travis Zajac in RedWings zone.
17:31 of 1st period - Shot by Mike Knuble.
17:31 of 1st period - Shot Blocked by Brett Clark.
17:35 of 1st period - Shot by Tyler Bozak.
17:35 of 1st period - Shot Misses the Net.
17:37 of 1st period - Shot by Mike Knuble.
17:37 of 1st period - Stopped by Craig Anderson without a rebound.
17:38 of 1st period - Marty Reasoner wins face-off versus Marcel Goc in RedWings zone.
18:15 of 1st period - Shot by Marcel Goc.
18:15 of 1st period - Stopped by Craig Anderson with a rebound.
18:17 of 1st period - Shot by Kris Versteeg.
18:17 of 1st period - Stopped by Craig Anderson without a rebound.
18:18 of 1st period - Travis Zajac wins face-off versus Vaclav Prospal in RedWings zone.
18:18 of 1st period - Travis Zajac is hit by T.J. Oshie.
18:21 of 1st period - Minor Penalty to Colin White for Hooking.
18:22 of 1st period - Tyler Bozak wins face-off versus Marty Reasoner in RedWings zone.
19:29 of 1st period - Wojtek Wolski is hit by Keith Yandle and loses puck.
19:38 of 1st period - Shot by Brian Gionta.
19:38 of 1st period - Shot Blocked by Keith Yandle.
19:43 of 1st period - T.J. Oshie is hit by Keith Yandle and loses puck.

Period #2

0:01 of 2nd period - Marty Reasoner wins face-off versus Tyler Bozak in neutral zone.
0:04 of 2nd period - Brian Gionta is hit by Kris Draper and loses puck.
0:17 of 2nd period - Shot by Wojtek Wolski.
0:17 of 2nd period - Deflect By Tyler Bozak.
0:17 of 2nd period - Stopped by Craig Anderson without a rebound.
0:18 of 2nd period - Nate Thompson wins face-off versus Tyler Bozak in RedWings zone.
0:34 of 2nd period - Icing by Colin White.
0:35 of 2nd period - Travis Zajac wins face-off versus T.J. Galiardi in RedWings zone.
0:39 of 2nd period - Minor Penalty to Daniel Briere for Hooking.
0:40 of 2nd period - Ryan Getzlaf wins face-off versus Tyler Bozak in Avalanche zone.
1:17 of 2nd period - Minor Penalty to Niclas Wallin for High sticking.
1:18 of 2nd period - Travis Zajac wins face-off versus Brian Gionta in Avalanche zone.
1:19 of 2nd period - Shot by Jean-Pierre Dumont.
1:19 of 2nd period - Shot Misses the Net.
1:58 of 2nd period - Shot by Brett Clark.
1:58 of 2nd period - Deflect By Travis Zajac.
1:58 of 2nd period - Shot Misses the Net.
2:15 of 2nd period - Off-side.
2:16 of 2nd period - Ryan Getzlaf wins face-off versus Brian Gionta in neutral zone.
2:30 of 2nd period - Icing by Keith Yandle.
2:31 of 2nd period - Ryan Getzlaf wins face-off versus Brian Gionta in RedWings zone.
4:26 of 2nd period - Shot by T.J. Oshie.
4:26 of 2nd period - Shot Hit the Post.
4:56 of 2nd period - Shot by Mike Cammalleri.
4:56 of 2nd period - Deflect By Ryan Getzlaf.
4:56 of 2nd period - Shot Blocked by Kyle Quincey.
6:17 of 2nd period - Shot by Daniel Briere.
6:17 of 2nd period - Shot Misses the Net.
6:19 of 2nd period - Shot by T.J. Galiardi.
6:19 of 2nd period - Shot Misses the Net.
6:23 of 2nd period - Shot by Daniel Briere.
6:23 of 2nd period - Shot Misses the Net.
6:27 of 2nd period - Shot by Wojtek Wolski.
6:27 of 2nd period - Shot Misses the Net.
6:29 of 2nd period - Shot by T.J. Galiardi.
6:29 of 2nd period - Stopped by Craig Anderson without a rebound.
6:30 of 2nd period - Vaclav Prospal wins face-off versus Nate Thompson in RedWings zone.
6:31 of 2nd period - Shot by Troy Brouwer.
6:31 of 2nd period - Stopped by Craig Anderson without a rebound.
6:32 of 2nd period - Vaclav Prospal wins face-off versus Nate Thompson in RedWings zone.
6:32 of 2nd period - Vaclav Prospal is hit by Brendan Witt.
6:36 of 2nd period - Shot by Vaclav Prospal.
6:36 of 2nd period - Stopped by Craig Anderson without a rebound.
6:37 of 2nd period - Nate Thompson wins face-off versus Vaclav Prospal in RedWings zone.
7:12 of 2nd period - Icing by Brendan Witt.
7:13 of 2nd period - Nate Thompson wins face-off versus T.J. Galiardi in RedWings zone.
7:41 of 2nd period - Minor Penalty to Carl Gunnarsson for Holding.
7:42 of 2nd period - T.J. Oshie wins face-off versus Ryan Getzlaf in Avalanche zone.
7:42 of 2nd period - T.J. Oshie is hit by Ryan Getzlaf.
8:05 of 2nd period - Shot by Ryan Getzlaf.
8:05 of 2nd period - Stopped by Antti Niemi without a rebound.
8:06 of 2nd period - Tyler Bozak wins face-off versus Travis Zajac in Avalanche zone.
8:29 of 2nd period - Shot by Brett Clark.
8:29 of 2nd period - Stopped by Antti Niemi without a rebound.
8:30 of 2nd period - Tyler Bozak wins face-off versus Ryan Getzlaf in Avalanche zone.
8:59 of 2nd period - Shot by Zach Parise.
8:59 of 2nd period - Deflect By Mike Cammalleri.
8:59 of 2nd period - Goal by Mike Cammalleri - RedWings : 3 - Avalanche : 0.
9:00 of 2nd period - Travis Zajac wins face-off versus T.J. Galiardi in neutral zone.
9:09 of 2nd period - Shot by Travis Zajac.
9:09 of 2nd period - Deflect By Ray Whitney.
9:09 of 2nd period - Shot Blocked by Wojtek Wolski.
9:26 of 2nd period - Shot by Wojtek Wolski.
9:26 of 2nd period - Stopped by Craig Anderson without a rebound.
9:27 of 2nd period - Marcel Goc wins face-off versus Marty Reasoner in RedWings zone.
10:33 of 2nd period - Icing by Brian Campbell.
10:34 of 2nd period - Ryan Getzlaf wins face-off versus Daniel Briere in RedWings zone.
10:42 of 2nd period - Icing by Joe Corvo.
10:43 of 2nd period - T.J. Galiardi wins face-off versus Travis Zajac in Avalanche zone.
10:55 of 2nd period - Shot by Wojtek Wolski.
10:55 of 2nd period - Stopped by Craig Anderson without a rebound.
10:56 of 2nd period - Ryan Getzlaf wins face-off versus Tyler Bozak in RedWings zone.
10:56 of 2nd period - Ryan Getzlaf is hit by Tyler Bozak.
10:59 of 2nd period - Icing by Zach Parise.
11:00 of 2nd period - Vaclav Prospal wins face-off versus Ryan Getzlaf in RedWings zone.
11:17 of 2nd period - Shot by Troy Brouwer.
11:17 of 2nd period - Stopped by Craig Anderson with a rebound.
11:44 of 2nd period - Icing by Keith Yandle.
11:45 of 2nd period - Ryan Getzlaf wins face-off versus T.J. Galiardi in RedWings zone.
11:50 of 2nd period - Brian Campbell is hit by T.J. Galiardi and loses puck.
12:56 of 2nd period - Shot by Tyler Bozak.
12:56 of 2nd period - Deflect By Brian Gionta.
12:56 of 2nd period - Goal by Brian Gionta - RedWings : 3 - Avalanche : 1.
12:57 of 2nd period - Vaclav Prospal wins face-off versus Marty Reasoner in neutral zone.
12:57 of 2nd period - Vaclav Prospal is hit by Marty Reasoner.
13:00 of 2nd period - Troy Brouwer is hit by Brendan Witt and loses puck.
13:38 of 2nd period - Icing by Brendan Witt.
13:39 of 2nd period - Tyler Bozak wins face-off versus Marty Reasoner in RedWings zone.
13:39 of 2nd period - Mike Knuble is hit by Brendan Witt and loses puck.
15:11 of 2nd period - Icing by Joe Corvo.
15:12 of 2nd period - T.J. Galiardi wins face-off versus Nate Thompson in Avalanche zone.
15:49 of 2nd period - Shot by Vaclav Prospal.
15:49 of 2nd period - Deflect By Troy Brouwer.
15:49 of 2nd period - Stopped by Craig Anderson without a rebound.
15:50 of 2nd period - Vaclav Prospal wins face-off versus Travis Zajac in RedWings zone.
15:53 of 2nd period - Shot by T.J. Oshie.
15:53 of 2nd period - Stopped by Craig Anderson without a rebound.
15:54 of 2nd period - Travis Zajac wins face-off versus Marcel Goc in RedWings zone.
16:24 of 2nd period - Shot by Jean-Pierre Dumont.
16:24 of 2nd period - Shot Misses the Net.
16:26 of 2nd period - Shot by Colin White.
16:26 of 2nd period - Goal by Colin White - RedWings : 4 - Avalanche : 1.
16:27 of 2nd period - Ryan Getzlaf wins face-off versus Vaclav Prospal in neutral zone.
16:32 of 2nd period - Icing by Kevin Klein.
16:33 of 2nd period - Ryan Getzlaf wins face-off versus Vaclav Prospal in Avalanche zone.
16:33 of 2nd period - Ryan Getzlaf is hit by Niclas Wallin.
16:47 of 2nd period - Troy Brouwer is hit by Ryan Getzlaf and loses puck.
17:58 of 2nd period - Shot by Niclas Bergfors.
17:58 of 2nd period - Shot Blocked by Wade Redden.
18:00 of 2nd period - Shot by Marty Reasoner.
18:00 of 2nd period - Shot Misses the Net.
18:02 of 2nd period - Shot by Marty Reasoner.
18:02 of 2nd period - Goal by Marty Reasoner - RedWings : 5 - Avalanche : 1.
18:02 of 2nd period - Semyon Varlamov enters game.
18:03 of 2nd period - T.J. Galiardi wins face-off versus Travis Zajac in neutral zone.
18:09 of 2nd period - Wojtek Wolski is hit by Colin White and loses puck.
18:20 of 2nd period - Shot by Travis Zajac.
18:20 of 2nd period - Stopped by Semyon Varlamov with a rebound.
18:24 of 2nd period - Shot by Ray Whitney.
18:24 of 2nd period - Shot Blocked by T.J. Galiardi.
18:28 of 2nd period - Shot by Travis Zajac.
18:28 of 2nd period - Shot Misses the Net.
18:30 of 2nd period - Shot by Colin White.
18:30 of 2nd period - Shot Misses the Net.
18:34 of 2nd period - Shot by Travis Zajac.
18:34 of 2nd period - Stopped by Semyon Varlamov with a rebound.
18:38 of 2nd period - Shot by Ray Whitney.
18:38 of 2nd period - Deflect By Travis Zajac.
18:38 of 2nd period - Stopped by Semyon Varlamov without a rebound.
18:39 of 2nd period - Vaclav Prospal wins face-off versus Nate Thompson in Avalanche zone.
18:56 of 2nd period - Shot by T.J. Oshie.
18:56 of 2nd period - Stopped by Craig Anderson without a rebound.
18:57 of 2nd period - Ryan Getzlaf wins face-off versus Todd White in RedWings zone.
19:14 of 2nd period - Kris Versteeg is hit by Zach Parise and loses puck.

Period #3

0:01 of 3rd period - Tyler Bozak wins face-off versus Travis Zajac in neutral zone.
0:01 of 3rd period - Tyler Bozak is hit by Jean-Pierre Dumont.
0:20 of 3rd period - Off-side.
0:21 of 3rd period - Ryan Getzlaf wins face-off versus T.J. Galiardi in neutral zone.
0:34 of 3rd period - Shot by Wojtek Wolski.
0:34 of 3rd period - Shot Misses the Net.
0:46 of 3rd period - Off-side.
0:47 of 3rd period - Matt Moulson wins face-off versus Vaclav Prospal in neutral zone.
0:50 of 3rd period - Shot by Niclas Bergfors.
0:50 of 3rd period - Stopped by Semyon Varlamov without a rebound.
0:51 of 3rd period - Travis Zajac wins face-off versus Mike Knuble in Avalanche zone.
1:26 of 3rd period - Shot by Travis Zajac.
1:26 of 3rd period - Shot Misses the Net.
1:28 of 3rd period - Shot by Travis Zajac.
1:28 of 3rd period - Shot Misses the Net.
1:55 of 3rd period - Shot by Brian Campbell.
1:55 of 3rd period - Stopped by Semyon Varlamov with a rebound.
4:04 of 3rd period - Shot by Kris Versteeg.
4:04 of 3rd period - Stopped by Craig Anderson without a rebound.
4:05 of 3rd period - Tyler Bozak wins face-off versus Marty Reasoner in RedWings zone.
4:05 of 3rd period - Mike Knuble is hit by Brendan Witt.
4:34 of 3rd period - Brian Gionta is hit by Brendan Witt and loses puck.
5:01 of 3rd period - Shot by Travis Zajac.
5:01 of 3rd period - Deflect By Ray Whitney.
5:01 of 3rd period - Stopped by Semyon Varlamov without a rebound.
5:02 of 3rd period - Travis Zajac wins face-off versus T.J. Galiardi in Avalanche zone.
5:15 of 3rd period - Shot by Travis Zajac.
5:15 of 3rd period - Shot Blocked by Carl Gunnarsson.
5:17 of 3rd period - Shot by Brett Clark.
5:17 of 3rd period - Shot Misses the Net.
5:19 of 3rd period - Shot by Brett Clark.
5:19 of 3rd period - Stopped by Semyon Varlamov without a rebound.
5:20 of 3rd period - Nate Thompson wins face-off versus Marcel Goc in Avalanche zone.
5:50 of 3rd period - Icing by Kyle Quincey.
5:51 of 3rd period - Todd White wins face-off versus Travis Zajac in Avalanche zone.
6:20 of 3rd period - Shot by Travis Zajac.
6:20 of 3rd period - Shot Misses the Net.
6:22 of 3rd period - Shot by Travis Zajac.
6:22 of 3rd period - Shot Misses the Net.
6:24 of 3rd period - Shot by Jean-Pierre Dumont.
6:24 of 3rd period - Shot Misses the Net.
6:26 of 3rd period - Shot by Brett Clark.
6:26 of 3rd period - Stopped by Semyon Varlamov without a rebound.
6:27 of 3rd period - Marty Reasoner wins face-off versus T.J. Galiardi in Avalanche zone.
6:32 of 3rd period - Shot by Matt Moulson.
6:32 of 3rd period - Shot Misses the Net.
6:46 of 3rd period - Shot by Niclas Bergfors.
6:46 of 3rd period - Stopped by Semyon Varlamov with a rebound.
6:48 of 3rd period - Shot by Brendan Witt.
6:48 of 3rd period - Shot Misses the Net.
6:50 of 3rd period - Shot by Marty Reasoner.
6:50 of 3rd period - Stopped by Semyon Varlamov without a rebound.
6:51 of 3rd period - Vaclav Prospal wins face-off versus Ryan Getzlaf in Avalanche zone.
8:20 of 3rd period - Joe Corvo is hit by Jean-Pierre Dumont and loses puck.
8:24 of 3rd period - Icing by Daniel Briere.
8:25 of 3rd period - T.J. Galiardi wins face-off versus Marty Reasoner in Avalanche zone.
8:37 of 3rd period - Icing by Marty Reasoner.
8:38 of 3rd period - Marty Reasoner wins face-off versus Tyler Bozak in RedWings zone.
8:42 of 3rd period - Brendan Witt is hit by Kyle Quincey.
8:43 of 3rd period - Minor Penalty to Kyle Quincey for Roughing.
8:44 of 3rd period - Marcel Goc wins face-off versus Ryan Getzlaf in Avalanche zone.
9:48 of 3rd period - Shot by Travis Zajac.
9:48 of 3rd period - Shot Misses the Net.
10:22 of 3rd period - Shot by Zach Parise.
10:22 of 3rd period - Shot Blocked by T.J. Oshie.
10:24 of 3rd period - Shot by Mike Cammalleri.
10:24 of 3rd period - Goal by Mike Cammalleri - RedWings : 6 - Avalanche : 1.
10:25 of 3rd period - Tyler Bozak wins face-off versus Marty Reasoner in neutral zone.
10:46 of 3rd period - Shot by Brian Gionta.
10:46 of 3rd period - Stopped by Craig Anderson with a rebound.
10:53 of 3rd period - Matt Moulson is hit by Tyler Bozak and loses puck.
11:21 of 3rd period - Icing by Pavol Demitra.
11:22 of 3rd period - Nate Thompson wins face-off versus T.J. Galiardi in RedWings zone.
11:22 of 3rd period - Nate Thompson is hit by Daniel Briere.
11:34 of 3rd period - Shot by Nate Thompson.
11:34 of 3rd period - Stopped by Semyon Varlamov with a rebound.
11:36 of 3rd period - Shot by Marty Reasoner.
11:36 of 3rd period - Shot Misses the Net.
11:50 of 3rd period - Shot by Wojtek Wolski.
11:50 of 3rd period - Stopped by Craig Anderson without a rebound.
11:51 of 3rd period - Vaclav Prospal wins face-off versus Mike Cammalleri in RedWings zone.
12:33 of 3rd period - Minor Penalty to T.J. Oshie for Tripping.
12:33 of 3rd period - Minor Penalty to Ryan Getzlaf for Holding.
12:34 of 3rd period - Tyler Bozak wins face-off versus Travis Zajac in neutral zone.
13:25 of 3rd period - Ray Whitney is hit by Tyler Bozak.
13:42 of 3rd period - Ray Whitney is hit by Carl Gunnarsson and loses puck.
13:50 of 3rd period - Icing by Tyler Bozak.
13:51 of 3rd period - Tyler Bozak wins face-off versus Travis Zajac in Avalanche zone.
15:50 of 3rd period - Mike Cammalleri is hit by Todd White and loses puck.
16:28 of 3rd period - Off-side.
16:29 of 3rd period - Vaclav Prospal wins face-off versus Travis Zajac in neutral zone.
16:31 of 3rd period - Troy Brouwer is hit by Colin White and loses puck.
16:54 of 3rd period - Shot by Troy Brouwer.
16:54 of 3rd period - Stopped by Craig Anderson without a rebound.
16:55 of 3rd period - Marty Reasoner wins face-off versus T.J. Galiardi in RedWings zone.
17:20 of 3rd period - Shot by Wojtek Wolski.
17:20 of 3rd period - Shot Misses the Net.
17:22 of 3rd period - Shot by Wojtek Wolski.
17:22 of 3rd period - Shot Misses the Net.
18:13 of 3rd period - Minor Penalty to Ryan Getzlaf for Interference.
18:14 of 3rd period - Tyler Bozak wins face-off versus Marty Reasoner in RedWings zone.
18:57 of 3rd period - Icing by Tyler Bozak.
18:58 of 3rd period - Tyler Bozak wins face-off versus Nate Thompson in Avalanche zone.
19:33 of 3rd period - Shot by Brian Gionta.
19:33 of 3rd period - Stopped by Craig Anderson without a rebound.
19:34 of 3rd period - Todd White wins face-off versus Zach Parise in RedWings zone.


Output by the SimonT Hockey Simulator (STHS) for Stephane Roy -- Original Page W3C XHTML 1.0 Valid